 Dungeon Crawl Stone Soup version 0.27.0-1-g7a089689b8 (webtiles) character file.

Game seed: 6116127501980083154

61 SkeletonJelly the Slasher (level 3, -1/31 HPs)
             Began as a Draconian Monk on Aug 9, 2021.
             Was a Priest of Zin.
             Slain by an endoplasm (2 damage)
             ... on level 3 of the Dungeon.
             The game lasted 00:02:21 (2022 turns).

SkeletonJelly the Slasher (Draconian Monk)          Turns: 2022, Time: 00:02:22

Health: -1/31      AC:  5    Str: 14    XL:     3   Next: 83%
Magic:  1/3        EV: 12    Int: 11    God:    Zin [***...]
Gold:   45         SH:  0    Dex: 15    Spells: 2/2 levels left

rFire    . . .     SeeInvis .   a - +0 falchion
rCold    . . .     Faith    .   (no shield)
rNeg     . . .     Spirit   .   (armour unavailable)
rPois    ∞         Reflect  .   (helmet restricted)
rElec    .         Harm     .   (no cloak)
rCorr    .         Rampage  .   (no gloves)
Will     .....                  (no boots)
Stlth    ++........             h - amulet of the acrobat
HPRegen  0.10/turn              (no ring)
MPRegen  0.08/turn              (no ring)

@: vitalised, on recite cooldown, slowed, very slow
A: AC +5, unfitting armour, cold-blooded
a: Renounce Religion, Recite, Vitalisation, Imprison, Donate Gold


You were on level 3 of the Dungeon.
You worshipped Zin.
Zin was most pleased with you.
You visited 1 branch of the dungeon, and saw 3 of its levels.

You collected 50 gold pieces.
You donated 5 gold pieces to Zin.

Inventory:

Hand Weapons
 a - a +0 falchion (weapon)
Jewellery
 h - an amulet of the acrobat (around neck)
Scrolls
 b - a scroll of immolation {unknown}
 c - a scroll of fog {unknown}
 e - a scroll of fear {unknown}
Potions
 d - a potion of curing {unknown}
 f - a potion of mutation {unknown}
 g - 2 potions of ambrosia {unknown}
 i - 3 potions of lignification {unknown}


   Skills:
 - Level 3.2 Fighting
 + Level 4.8 Long Blades
 - Level 2.6 Dodging
 - Level 1.7 Stealth


You had 2 spell levels left.
You didn't know any spells.
Your spell library was empty.

Dungeon Overview and Level Annotations

Branches:
Dungeon (3/15)

Altars:
Zin


Innate Abilities, Weirdness & Mutations

Your plain brown scales are hard. (AC +5)
You cannot fit into any form of body armour.
You are cold-blooded and may be slowed by cold attacks.


Message History

You closely miss the goblin. You hit the goblin but do no damage.
Your tail-slap misses the goblin.
The goblin closely misses you. The goblin hits you with a +0 dagger.
You closely miss the goblin. The goblin hits you but does no damage.
You hit the goblin.
The goblin is heavily wounded.
The goblin closely misses you.
You barely miss the goblin. You tail-slap the goblin.
The goblin is severely wounded.
The goblin hits you with a +0 dagger.
You barely miss the goblin.
The goblin is severely wounded.
The orc hits you but does no damage. The goblin hits you but does no damage.
An orc comes into view. It is wielding a +0 dagger.
You hit the goblin.
You kill the goblin!
The orc hits you but does no damage.
Nothing quivered!
You fail to use your ability.
The orc closely misses you.
You hit the orc but do no damage.
Your tail-slap misses the orc.
The orc completely misses you.
You hit the orc but do no damage. The orc closely misses you.
You barely miss the orc. The orc misses you.
You riposte.
You completely miss the orc.
An orc comes into view. It is wielding a +0 hand axe.
You barely miss the orc. The orc hits you with a +0 dagger.
An orc comes into view. It is wielding a +0 dagger.
An endoplasm comes into view.
The orc misses you.
You riposte.
The orc shouts!
The endoplasm quivers.
You hit the orc but do no damage.
You hear a shout!
You barely miss the orc. The orc barely misses you.
An orc comes into view. It is wielding a +0 dagger.
The orc hits you but does no damage.
The orc shouts!
You hit the orc but do no damage.
An orc comes into view. It is wielding a +0 flail.
The orc closely misses you.
You riposte.
You hit the orc.
The orc is moderately wounded.
The orc hits you with a +0 dagger.
You completely miss the orc.
The orc is moderately wounded.
The orc hits you but does no damage.
A worm comes into view.
The orc hits you but does no damage.
You hit the orc.
The orc is severely wounded.
The orc hits you with a +0 dagger.
The endoplasm hits you but does no damage.
You hit the orc.
You kill the orc!
The endoplasm freezes you.
You are frozen.
The orc barely misses you.
You riposte.
You barely miss the orc. You barely miss the orc.
The orc hits you with a +0 hand axe. The endoplasm freezes you.
You are frozen.
You feel yourself slow down. The orc barely misses you.
The orc hits you but does no damage.
You are too injured to fight recklessly!
You clear your throat and prepare to recite. "And Zin, furious at their sacrilege, held..."
The orc is confused by your recitation.
The orc shouts!
The orc is smitten by the wrath of Zin.
You kill the orc!
The orc is struck blind by the wrath of Zin!
The orc is smitten by the wrath of Zin.
You kill the orc!
You hear an angry hiss.
You hear a shout!
You hear an angry hiss.
The orc misses you. The endoplasm barely misses you.
The orc closely misses you. The orc hits you with a +0 hand axe.
* * * LOW HITPOINT WARNING * * *
The endoplasm hits you.
* * * LOW HITPOINT WARNING * * *
The worm bites you.
* * * LOW HITPOINT WARNING * * *
The orc hits the orc with a +0 dagger.
You are too injured to fight recklessly!
You are too injured to fight recklessly!
You are too injured to fight recklessly! "...were expelled, and thus the way of things was maintained."
The orc is smitten by the wrath of Zin.
You kill the orc!
You finish reciting Anathema 24:69.
You hear a bark!
The endoplasm freezes you.
You are frozen.
* * * LOW HITPOINT WARNING * * *
You feel as though you will be slow longer.
The orc misses you.
You riposte.
You hit the orc.
The orc is moderately wounded.
The orc completely misses you. Zin grants you divine stamina.
The endoplasm hits you but does no damage.
The orc barely misses you.
An adder comes into view.
The endoplasm hits you.
You die...

..#...#
........#
#........
........##
#.......##
#....)...
##....))# .
##....o.o###....
.......@J.....S.
........w.#.)...
....####........
... ......... ..
.........
#.........
...##.#... .#.#
.####


You could see a worm, an adder, 2 orcs and an endoplasm.

Vanquished Creatures
  An adder (D:2)
  A worm (D:2)
  2 dart slugs
  4 orcs (D:3)
  2 ball pythons (D:1)
  An endoplasm (D:1)
  A giant cockroach (D:1)
  5 goblins
  4 hobgoblins (D:1)
  5 jackals
  5 kobolds (D:1)
  3 quokkas
  A bat (D:1)
  A rat (D:1)
36 creatures vanquished.

Vanquished Creatures (others)
  3 plants (D:1)
3 creatures vanquished.

Grand Total: 39 creatures vanquished

Notes
Turn   | Place    | Note
-------+----------+-------------------------------------------
     0 | D:1      | SkeletonJelly the Draconian Monk began the quest for the
                  | Orb.
     0 | D:1      | Reached XP level 1. HP: 19/19 MP: 1/1
   252 | D:1      | Found a faded altar of an unknown god.
   261 | D:1      | Became a worshipper of Zin the Law-Giver
   261 | D:1      | Reached * piety under Zin
   261 | D:1      | Reached ** piety under Zin
   305 | D:1      | Reached XP level 2. HP: 26/26 MP: 2/2
   612 | D:1      | Reached skill level 4 in Long Blades
   983 | D:1      | Reached XP level 3. HP: 29/31 MP: 3/3
  1195 | D:2      | Reached *** piety under Zin
  2021 | D:3      | HP: 1/31 [frozen (1)]
  2022 | D:3      | Slain by an endoplasm

Illustrated notes

Levels and vault maps discovered:
D:1:      lemuel_arrival_funnel, layout_loops_cross,
          ebering_ecumenical_altar_sacrificial, minmay_misc_feat_columns,
          minivault_4, minmay_shallow_snake_nest
D:2:      layout_rooms
D:3:      layout_rooms, overflow_temple_1_default

Skill      XL: |  1  2 |
---------------+-------+-----
Long Blades    | 4 |  4.8
Fighting       | |  3.2
Dodging        | |  2.6
Stealth        | |  1.7

Action                   || total
-------------------------++-------
Melee: Falchion          ||   126
       Tailslap          ||    19
Invok: Recite            ||     7
       Vitalisation      ||     1
 Stab: Sleeping          ||     1
Armor: Skin              ||    48
Dodge: Dodged            ||    98
       Rpst.: Falchion   ||    26
